Map: [ESL] Inside and Out

Players

Lambo

  • Race: Zerg Zerg
  • Spawn Location: 1:00

HeroMarine - Winner!

  • Race: Terran Terran
  • League: Master
  • Spawn Location: 7:00

Event: HomeStory Cup XXII

VOD

Have the link to the VOD?

Description

Time

  • Played on: Dec. 17, 2022, 10:25 a.m.
  • Length: 8:04

All games in this series

Show
View Real Time Build Order
Export as new Build Order

Lambo Zerg 

Build Orders: Hatch First 

Get SALT Encoding   

  12  0:00  Drone  
  13  0:12  Overlord  
  13  0:16  Drone  
  14  0:30  Drone x2  
  16  0:48  Hatchery  
  15  0:51  Drone  
  15  0:54  Drone  
  18  0:57  Drone  
  18  1:08  Extractor  
  17  1:12  Spawning Pool  
  17  1:15  Drone  
  17  1:19  Drone  
  18  1:27  Drone  
  19  1:38  Drone  
  20  1:49  Drone  
  21  1:59  Queen x2  
  21  2:00  Zergling x4  
  27  2:10  Drone  
  27  2:13  Overlord  
  28  2:20  Hatchery  
  28  2:22  Drone  
  28  2:31  Drone  
  28  2:32  Drone x2  
  31  2:38  Queen  
  31  2:43  Overlord  
  33  2:52  Drone  
  33  2:53  Metabolic Boost  
  33  2:56  Drone x2  
  36  3:01  Queen  
  38  3:06  Drone x2  
  38  3:10  Drone x2  
  38  3:12  Drone  
  43  3:15  Drone  
  43  3:19  Overlord  
  44  3:31  Queen x2  
  49  3:34  Drone  
  49  3:36  Drone  
  49  3:39  Queen  
  52  3:43  Drone x3  
  52  3:47  Overlord  
  55  3:48  Drone  
  55  3:49  Drone  
  55  3:50  Zergling x2  
  58  3:59  Overlord  
  58  4:08  Queen  
  60  4:10  Queen  
  60  4:11  Zergling x8  
  60  4:13  Overlord  
  60  4:15  Overlord  
  65  4:21  Zergling x8  
  69  4:24  Zergling x6  
  72  4:32  Drone  
  72  4:33  Drone x2  
  72  4:35  Lair  
  72  4:38  Extractor  
  74  4:39  Baneling Nest  
  74  4:41  Drone x2  
  74  4:42  Drone x2  
  74  4:43  Drone  
  79  4:45  Drone  
  79  4:46  Drone  
  79  4:51  Spore Crawler  
  79  4:53  Spore Crawler  
  79  4:54  Spore Crawler, Drone  
  79  4:57  Spore Crawler  
  79  4:58  Extractor  
  76  5:01  Spore Crawler  
  76  5:06  Drone x3  
  77  5:09  Drone x5  
  77  5:11  Drone  
  85  5:17  Drone x4  
  85  5:21  Drone, Evolution Chamber  
  88  5:26  Drone x3  
  90  5:30  Drone  
  90  5:34  Overseer, Extractor  
  89  5:36  Centrifugal Hooks  
  89  5:40  Overseer, Drone x2  
  90  5:43  Overlord  
  90  5:45  Overlord  
  89  5:59  Overlord  
  89  6:02  Queen x2  
  93  6:05  Zergling x10  
  93  6:08  Drone  
  93  6:09  Zergling x4  
  101  6:15  Zergling x12, Hatchery  
  106  6:21  Zergling x4  
  106  6:25  Zergling x6  
  110  6:26  Drone  
  110  6:30  Zergling x4  
  110  6:31  Evolution Chamber  
  112  6:35  Drone  
  112  6:36  Zergling x2  
  112  6:38  Overlord x2  
  112  6:39  Overlord  
  113  6:41  Overlord  
  113  6:45  Overlord  
  113  6:50  Overlord  
  113  6:54  Zergling x2  
  114  6:55  Queen  
  114  6:56  Overlord  
  114  6:58  Overlord  
  114  7:00  Queen  
  118  7:04  Overlord  
  118  7:06  Drone x6  
  124  7:09  Zergling x4, Extractor  
  124  7:11  Baneling x3  
  124  7:15  Zergling x4  
  126  7:16  Baneling x6  
  126  7:26  Baneling x5  
  124  7:31  Zergling x2  
  124  7:32  Zergling x8  
  124  7:33  Baneling x2  
  124  7:36  Hatchery  
  128  7:38  Zergling x10  
  128  7:41  Zergling x6  
  130  7:44  Zergling x6  
Show
View Real Time Build Order
Export as new Build Order

HeroMarine Terran - Winner!

Build Orders: Banshee Rush 

Get SALT Encoding   

  12  0:00  SCV  
  13  0:12  SCV  
  14  0:16  Supply Depot  
  14  0:24  SCV  
  15  0:38  SCV  
  15  0:40  Barracks  
  16  0:42  Refinery  
  16  0:50  SCV  
  17  1:02  SCV  
  18  1:14  SCV  
  19  1:26  Barracks Reactor  
  19  1:27  Orbital Command  
  19  1:38  Command Center  
  19  1:45  Supply Depot  
  19  1:52  SCV  
  20  2:04  Marine x2  
  20  2:05  Factory  
  23  2:08  SCV  
  23  2:14  Refinery  
  23  2:20  SCV  
  23  2:21  Marine  
  23  2:22  Marine  
  26  2:32  SCV  
  27  2:39  Marine  
  27  2:40  Marine  
  29  2:44  SCV  
  30  2:51  Starport  
  30  2:53  Orbital Command  
  30  2:57  SCV, Marine  
  30  2:58  Marine  
  32  3:01  Factory Tech Lab  
  32  3:09  SCV  
  33  3:15  Marine  
  33  3:16  Marine  
  33  3:18  SCV  
  36  3:21  SCV  
  37  3:29  Supply Depot  
  37  3:30  SCV  
  37  3:33  SCV  
  39  3:34  Banshee, Cloaking Field  
  39  3:38  Marine  
  39  3:39  Marine  
  44  3:44  SCV  
  44  3:45  SCV  
  44  3:46  Factory Tech Lab  
  46  3:51  Supply Depot  
  46  3:56  SCV  
  46  3:57  SCV  
  48  4:08  SCV  
  48  4:09  SCV  
  50  4:10  Barracks  
  50  4:11  Factory Reactor  
  50  4:12  Barracks  
  50  4:17  Banshee  
  50  4:20  Engineering Bay, SCV  
  50  4:21  SCV  
  55  4:30  Stimpack, Marine  
  56  4:33  SCV x2  
  56  4:34  Supply Depot  
  58  4:45  SCV x2, Refinery  
  59  4:48  Marine  
  59  4:51  Terran Infantry Weapons Level 1  
  59  4:52  Barracks  
  61  4:53  Barracks  
  61  4:57  SCV  
  61  4:58  SCV  
  63  5:04  Marine  
  64  5:09  SCV  
  64  5:10  SCV, Marine x2  
  68  5:15  Starport Reactor, Marine x2  
  70  5:23  Supply Depot  
  70  5:24  Supply Depot  
  70  5:25  Refinery  
  70  5:41  Siege Tank, Marine x5  
  78  5:43  Supply Depot  
  78  5:45  Marine x2  
  78  5:47  Supply Depot  
  78  5:48  SCV x2  
  82  5:55  Medivac  
  84  5:58  Medivac  
  84  5:59  Marine x5  
  84  6:03  Marine  
  92  6:10  Combat Shield  
  92  6:11  Marine  
  92  6:13  Siege Tank  
  92  6:17  Marine x4  
  92  6:18  Marine  
  101  6:24  Marine  
  102  6:25  Medivac  
  102  6:28  Medivac  
  102  6:29  Marine  
  107  6:34  Marine x3  
  110  6:40  Supply Depot  
  110  6:41  Marine x3  
  110  6:45  Siege Tank  
  116  6:47  Marine  
  116  6:52  Marine  
  118  7:01  Marine x5  
  118  7:04  Medivac x2  
  126  7:15  Supply Depot  
  126  7:16  Supply Depot, Marine x2  
  126  7:19  Marine x5  
  133  7:34  Marine  
  133  7:37  Marine x5  
  134  7:38  Marine  
  143  7:46  Supply Depot  
Tags
 
Add a new tag
Caveats
  • Supply blocks, unpowered buildings, or Contaminate may cause inaccurate times.
  • Supply counts are checked every 10 seconds.